 Dungeon Crawl Stone Soup version 0.29-a0-668-g12ee2bf84d (webtiles) character file.

Game seed: 9121234507670807966

21 popopop1279 the Shooter (level 2, -2/16 HPs)
             Began as a Tengu Arcane Marksman on June 24, 2022.
             Killed by divine providence
             ... invoked by an orc priest
              (12 damage)
             ... on level 6 of the Dungeon.
             The game lasted 00:15:46 (2218 turns).

popopop1279 the Shooter (Tengu Arcane Marksman)     Turns: 2218, Time: 00:15:47

Health: -2/16      AC:  8    Str:  7 (9)  XL:     2   Next: 87%
Magic:  1/4        EV: 10    Int:  8 (10) God:
Gold:   170        SH:  0    Dex: 16 (18) Spells: 2/3 levels left

rFire   . . .      SeeInvis .   a - +0 shortbow
rCold   . . .      Faith    .   (shield currently unavailable)
rNeg    . . .      Spirit   .   f - +0 ring mail
rPois   .          Reflect  .   (helmet restricted)
rElec   .          Harm     .   (no cloak)
rCorr   .          Rampage  .   d - +2 pair of gloves
Will    +....                   (boots unavailable)
Stlth   +.........              (no amulet)
HPRegen 0.05/turn               e - ring of wizardry
MPRegen 0.09/turn               k - ring of willpower

@: no status effects
A: beak, talons 3, agile 1, deterioration 1, dopey 1, noise suppression
a: no special abilities


You were on level 6 of the Dungeon.
You visited 1 branch of the dungeon, and saw 4 of its levels.

You collected 170 gold pieces.

Inventory:

Hand Weapons
 a - a +0 shortbow (weapon)
Armour
 d - a +2 pair of gloves (worn)
 f - a +0 ring mail (worn)
Jewellery
 e - a ring of wizardry (left hand)
 h - a ring of positive energy
 k - a ring of willpower (right hand)
Scrolls
 b - a scroll of fog {unknown}
 c - 2 scrolls of vulnerability
 g - 2 scrolls of identify {unknown}
 i - 2 scrolls of noise {unknown}
 m - a scroll of teleportation {unknown}


   Skills:
 + Level 1.1 Fighting
 + Level 2.6 Bows
 + Level 1.0 Armour
 + Level 2.3 Dodging
 + Level 1.0 Spellcasting
 + Level 2.4 Hexes


You had 2 spell levels left.
You knew the following spells:

 Your Spells              Type           Power      Damage    Failure   Level
a - Slow                  Hex            16%        N/A       21%         1

Your spell library contained the following spells:

 Spells                   Type           Power      Damage    Failure   Level
 Apportation              Tloc           0%         N/A       45%         1
 Inner Flame              Hex/Fire       2%         N/A       65%         3
 Portal Projectile        Hex/Tloc       4%         N/A       65%         3
 Cause Fear               Hex            2%         N/A       86%         4
 Alistair's Intoxication  Tmut/Pois      0%         N/A       100%        5


Dungeon Overview and Level Annotations

Branches:
Dungeon (3/15)

Altars:
Xom


Innate Abilities, Weirdness & Mutations

You have a beak for a mouth.
You have claws for feet.
You are agile. (Dex +4, Int/Str-1)
Your body sometimes deteriorates upon taking damage.
You are dopey. (Int -2)
You passively dampen the noise of your surroundings.


Message History

Aiming: Slow (safe; 17% risk of failure)
Press: ? - help, Q - select action, (/) - cycle Shift-Dir - straight line, f/p - orc priest
Aim: an orc priest, wielding a +0 hand axe (chance to affect: 39%)
The orc priest resists with some effort.
Aiming: Slow (safe; 17% risk of failure)
Press: ? - help, Q - select action, (/) - cycle Shift-Dir - straight line, f/p - orc priest
Aim: an orc priest, wielding a +0 hand axe (chance to affect: 39%)
The orc priest resists with some effort.
Aiming: Slow (safe; 17% risk of failure)
Press: ? - help, Q - select action, (/) - cycle Shift-Dir - straight line, f/p - orc priest
Aim: an orc priest, wielding a +0 hand axe (chance to affect: 39%)
The orc priest seems to slow down.
The orc priest invokes the aid of Beogh against you.
Beogh smites you!
Ouch! That really hurt!
Your body deteriorates!
You feel weakened.
The orc priest casts a cantrip, but nothing happens.
The orc priest is no longer moving slowly.
The orc priest looks braver for a moment.
Aiming: Slow (safe; 21% risk of failure)
Press: ? - help, Q - select action, (/) - cycle Shift-Dir - straight line, f/p - orc priest
Aim: an orc priest, wielding a +0 hand axe (chance to affect: 39%)
You miscast Slow.
You are very lightly contaminated with residual magic.
Nothing appears to happen.
Your magical contamination has completely faded away.
Aiming: Slow (safe; 21% risk of failure)
Press: ? - help, Q - select action, (/) - cycle Shift-Dir - straight line, f/p - orc priest
Aim: an orc priest, wielding a +0 hand axe (chance to affect: 39%)
The orc priest resists with some effort.
Aiming: Slow (safe; 21% risk of failure)
Press: ? - help, Q - select action, (/) - cycle Shift-Dir - straight line, f/p - orc priest
Aim: an orc priest, wielding a +0 hand axe (chance to affect: 39%)
The orc priest resists with some effort.
Found a stone staircase leading down.
There is a stone staircase leading down here.
The orc priest calls down the wrath of Beogh upon you.
Beogh smites you!
Ouch! That really hurt!
You die...

# # # # .. # ###.##
# #.... # #.#.# #
#...# # #..# #
#@.###.# # #......#
##.##### #.#
######o# #######
#.o....#
......######.######
#####...o.o..#
##########


You could see an orc priest.

Vanquished Creatures
  A dart slug (D:2)
  3 endoplasms (D:1)
  A giant cockroach (D:1)
  A hobgoblin (D:1)
  4 ball pythons
  A bat (D:1)
  2 frilled lizards (D:1)
  2 goblins (D:1)
  3 kobolds
  2 rats
20 creatures vanquished.

Notes
Turn   | Place    | Note
-------+----------+-------------------------------------------
     0 | D:1      | popopop1279 the Tengu Arcane Marksman began the quest for
                  | the Orb.
     0 | D:1      | Reached XP level 1. HP: 12/12 MP: 3/3
   560 | D:1      | Reached XP level 2. HP: 16/16 MP: 4/4
  1466 | D:2      | Found a shimmering altar of Xom.
  1487 | D:2      | Found a faded altar of an unknown god.
  2053 | D:2      | Gained mutation: You are agile. (Dex +4, Int/Str-1) [potion
                  | of mutation]
  2053 | D:2      | Gained mutation: You are dopey. (Int -2) [potion of
                  | mutation]
  2053 | D:2      | Gained mutation: Your body sometimes deteriorates upon
                  | taking damage. [potion of mutation]
  2053 | D:2      | Gained mutation: You passively dampen the noise of your
                  | surroundings. [potion of mutation]
  2063 | D:2      | Reached skill level 1 in Armour
  2128 | D:3      | You fall into a shaft and drop 3 floors!
  2218 | D:6      | Killed from afar by an orc priest

Illustrated notes

Levels and vault maps discovered:
D:1:      dpeg_arrival_line_fractal, layout_basic, serial_bayou_pond_e,
          minmay_pentomino_w2
D:2:      layout_rooms, hellmonk_ecumenical_altar_pennies_from_heaven,
          basic_altar
D:3:      layout_loops_cross, chequers_temple_overflow_statue_of_worship,
          hellmonk_ghost_happy_afterlife, nrook_campfire, lightli_corner_chamber
D:6:      layout_loops_cross, uniq_maggie

Skill      XL: |  1  2 |
---------------+-------+-----
Armour         | 1 |  1.0
Fighting       | |  1.1
Bows           | |  2.6
Dodging        | |  2.3
Spellcasting   | |  1.0
Hexes          | |  2.4

Action                   || total
-------------------------++-------
 Fire: Shortbow          ||    56
 Cast: Slow              ||    15
  Use: Potion            ||     4
Armor: Ring mail         ||    41
Dodge: Dodged            ||    44

Table legend: (Time is in decaauts)
 A = Elapsed time spent in this place.
 B = Non-inter-level travel time spent in this place.
 C = Inter-level travel time spent in this place.
 D = Time resting spent in this place.
 E = Time spent auto-exploring this place.
 F = Levels seen in this place.
 G = Mean time per level.
                   A        B        C        D        E       F      G
               +--------+--------+--------+--------+--------+-----+--------+
         Total |   2250 |   2250 |      0 |      0 |   1442 |   4 |  562.5 |
       Dungeon |   2250 |   2250 |      0 |      0 |   1442 |   4 |  562.5 |
               +--------+--------+--------+--------+--------+-----+--------+

Top non-repeatable levels by time:
     D:1: 1440 daAuts
     D:2: 602 daAuts
     D:3: 116 daAuts
     D:6: 89 daAuts
